 Dungeon Crawl Stone Soup version 0.18-a0-1797-gc18daef (webtiles) character file.

1996 epen the Archer (level 9, -2/73 HPs)
             Began as a Centaur Hunter on Apr 22, 2016.
             Was a Believer of Okawaru.
             Killed from afar by Psyche (3 damage)
             ... with a puff of frost
             ... on level 8 of the Dungeon.
             The game lasted 00:22:00 (9109 turns).

epen the Archer (Centaur Hunter)                    Turns: 9109, Time: 00:22:01

Health: -2/73      AC:  7    Str: 19    XL:     9   Next: 1%
Magic:  10/12      EV: 11    Int: 10    God:    Okawaru [**....]
Gold:   377        SH:  0    Dex:  9    Spells: 0 memorised, 8 levels left

rFire  . . .     SeeInvis .     g - +0 whip (flame)
rCold  + . .     Gourm    .     v - +0 scale mail
rNeg   + . .     Faith    .     (no shield)
rPois  .         Spirit   .     (helmet restricted)
rElec  .         Dismiss  .     p - +0 cloak {MR+}
rCorr  +         Reflect  .     u - +0 pair of gloves
SustAt .         Harm     .     (no barding)
MR     +....                    (no amulet)
Stlth  ..........               q - ring of positive energy
                                e - ring of resist corrosion

@: heroism, corroded, very quick, somewhat resistant to hostile enchantments,
extremely unstealthy
A: hooves 3, horns 1, cold resistance 1, deformed body, speed 2, tough skin 3,
evolution 1, subdued magic 1, MP-powered wands
a: Heroism, Renounce Religion


You were on level 8 of the Dungeon.
You worshipped Okawaru.
Okawaru was pleased with you.
You were very hungry.

You visited 2 branches of the dungeon, and saw 9 of its levels.

You collected 377 gold pieces.

Inventory:

Hand Weapons
 a - a +2 shortbow
 b - a +0 short sword
 g - a +0 whip of flaming (weapon)
Missiles
 d - 90 arrows
Armour
 c - a +0 leather armour
 m - a +1 helmet
 p - a +0 cloak of magic resistance (worn)
 t - a +0 ring mail
 u - a +0 pair of gloves (worn)
 v - a +0 scale mail (worn)
Rods
 C - a +0 iron rod (14/14)
   (You found it on level 6 of the Dungeon)
Jewellery
 e - a ring of resist corrosion (left hand)
 q - a ring of positive energy (right hand)
Wands
 k - a wand of slowing (48/48)
 D - a wand of polymorph (18/24)
Scrolls
 j - 5 scrolls of remove curse
 l - 4 scrolls of identify
 s - 2 scrolls of enchant weapon
 w - 3 scrolls of fog
 y - a scroll of magic mapping
 A - a scroll of amnesia
Potions
 n - 3 potions of curing
 x - a potion of magic
 z - a potion of brilliance
Comestibles
 f - 7 bread rations
 h - 2 beef jerkies
 o - 6 meat rations


   Skills:
 + Level 4.9(9.9) Fighting
 + Level 9.2(14.2) Bows
 + Level 3.4(8.4) Armour
 * Level 5.1(10.1) Dodging
 - Level 0.5(5.5) Stealth
 * Level 4.5 Invocations


You had 8 spell levels left.
You didn't know any spells.

Dungeon Overview and Level Annotations

Branches:
Dungeon (8/15)             Temple (1/1) D:4
   Lair: D:8-11

Altars:
Ashenzari
Cheibriados
Dithmenos
Elyvilon
Fedhas
Gozag
Kikubaaqudgha
Makhleb
Nemelex Xobeh
Okawaru
Pakellas
Qazlal
Ru
Sif Muna
Trog
Vehumet
Xom
Yredelemnul
Zin
The Shining One

Annotations:
D:8 Psyche


Innate Abilities, Weirdness & Mutations

You have hooves in place of feet.
Armour fits poorly on your strangely shaped body.
You cover ground very quickly.
You have extremely tough skin (AC +3).
You have a pair of small horns on your head.
Your flesh is cold resistant.
You evolve.
Your spells are a little easier to cast, but a little less powerful.
You expend magic power (3 MP) to strengthen your wands.


Message History

You headbutt Psyche.
Psyche is almost dead.
Psyche casts a spell.
Psyche flickers and vanishes!
Deactivating autopickup; reactivate with Ctrl-A.
You closely miss something.
You hear some strange, mumbled words.
Something hits you.
* * * LOW HITPOINT WARNING * * *
x2 You miss something.
Your kick misses something. Your headbutt misses something.
Something hits you but does no damage.
You closely miss something. Your kick misses something.
You hear some strange, mumbled words.
A puff of frost appears from out of thin air!
The puff of frost hits you! You resist.
* * * LOW HITPOINT WARNING * * *
You hear some strange, mumbled words.
A puff of frost appears from out of thin air!
The puff of frost hits you! You resist.
You die...

#.(##..#
##.#..###.##
#.(##..# ##..##
##.##
#(.##..####..##
##.##
#...##..##....#
##.##
#.(.##.......##
##>##
#(......###.##
#..# ##(....##
##.# ##.#
###.{..## #.#
#... #....@.#
#.# ##..#
#####..## ##.#
##.### ##..##
#..###.##
##....###.....##
##..##........(#
#.######..##...#
### ######....
###..# ###


There were no monsters in sight!

Vanquished Creatures
  Pikel (D:6)
  An ice beast (D:5)
  4 slaves (D:6)
  A centaur (D:7)
  3 ogres
  A giant frog (D:7)
  A water moccasin skeleton (D:5)
  6 wights
  A crimson imp (D:4)
  A jelly (D:5)
  4 hounds
  2 orc priests (D:4)
  3 orc wizards
  Crazy Yiuf (D:2)
  A centaur skeleton (D:5)
  Jessica (D:2)
  3 worker ants
  A hound skeleton (D:6)
  A howler monkey zombie (D:5)
  Robin (D:1)
  3 gnolls (D:6)
  5 adders
  3 oozes
  2 adder skeletons
  2 worms
  6 giant geckos
  25 orcs
  A ball python (D:4)
  7 bats
  2 giant cockroaches
  13 goblins
  7 hobgoblins
  12 jackals
  7 kobolds
  3 quokkas
  3 giant newts
  8 rats
147 creatures vanquished.

Vanquished Creatures (others)
  A giant gecko (D:4)
1 creature vanquished.

Grand Total: 148 creatures vanquished

Notes
Turn   | Place    | Note
--------------------------------------------------------------
     0 | D:1      | epen the Centaur Hunter began the quest for the Orb.
     0 | D:1      | Reached XP level 1. HP: 17/17 MP: 1/1
   215 | D:1      | Reached XP level 2. HP: 18/24 MP: 2/2
   805 | D:2      | Noticed Robin
   833 | D:2      | Reached XP level 3. HP: 23/29 MP: 3/3
   878 | D:1      | Killed Robin
  1194 | D:2      | Noticed Jessica
  1199 | D:2      | Killed Jessica
  1199 | D:2      | Reached skill level 6 in Bows
  1199 | D:2      | Reached skill level 1 in Armour
  1199 | D:2      | Reached XP level 4. HP: 37/37 MP: 4/4
  1259 | D:2      | Noticed Crazy Yiuf
  1307 | D:2      | Killed Crazy Yiuf
  2168 | D:2      | Gained mutation: Your flesh is cold resistant. [potion of beneficial mutation]
  2266 | D:3      | Reached XP level 5. HP: 38/42 MP: 5/5
  2280 | D:3      | Found a snail-covered altar of Cheibriados.
  2963 | D:3      | Found a faded altar to an unknown god.
  3095 | D:3      | Gained mutation: You expend magic power (3 MP) to strengthen your wands. [potion of mutation]
  3095 | D:3      | Gained mutation: Your spells are a little easier to cast, but a little less powerful. [potion of mutation]
  3095 | D:3      | Gained mutation: You tend to lose your temper in combat. [potion of mutation]
  3096 | D:3      | Gained mutation: You have a pair of small horns on your head. [potion of mutation]
  3096 | D:3      | Gained mutation: You evolve. [potion of mutation]
  3096 | D:3      | Gained mutation: You are weak. (Str -2) [potion of mutation]
  3137 | D:4      | Found a staircase to the Ecumenical Temple.
  3188 | Temple   | Entered the Ecumenical Temple
  3264 | Temple   | Became a worshipper of Warmaster Okawaru
  3308 | D:4      | Noticed an ogre
  3335 | D:4      | Killed an ogre
  3440 | D:4      | Reached skill level 7 in Bows
  3440 | D:4      | Reached XP level 6. HP: 12/51 MP: 6/6
  4016 | D:2      | Lost mutation: You tend to lose your temper in combat. [evolution]
  4410 | D:3      | Reached * piety under Okawaru
  4410 | D:3      | Reached XP level 7. HP: 21/57 MP: 7/7
  4938 | D:4      | Reached skill level 8 in Bows
  4971 | D:4      | Found a glowing golden altar of the Shining One.
  5385 | D:5      | Entered Level 5 of the Dungeon
  6496 | D:5      | Reached skill level 1 in Invocations
  6566 | D:6      | Reached XP level 8. HP: 66/66 MP: 7/9
  7248 | D:7      | Noticed Pikel
  7761 | D:6      | Killed Pikel
  7761 | D:6      | Reached ** piety under Okawaru
  7761 | D:6      | Reached skill level 9 in Bows
  8345 | D:7      | Reached skill level 5 in Dodging
  8351 | D:7      | Lost mutation: You are weak. (Str -2) [evolution]
  8978 | D:7      | Reached XP level 9. HP: 61/73 MP: 12/12
  9085 | D:8      | Noticed Psyche
  9104 | D:8      | HP: 2/73 [acid (4)]
  9109 | D:8      | HP: 1/73 [something/puff of frost (4)]
  9109 | D:8      | Killed from afar by Psyche

Vault maps used:
D:1:      dpeg_arrival_line_fractal, minmay_misc_feat_tower
D:2:      grunt_decor_one_mirror, uniq_robin, uniq_crazy_yiuf_cottage,
          uniq_jessica
D:3:      cheibriados_altar_wand_db, ecumenical_altar_2
D:4:      old_standard_altar, minmay_temple_entry_enclosed_plants, first_bread
D:6:      corexii_hall_statues_x
D:7:      uniq_pikel
D:8:      lemuel_upstairs_altar, uniq_psyche
Temple:   grunt_circular_temple_18

Skill      XL: |  1  2  3  4  5  6  7  8 |
---------------+-------------------------+-----
Dodging        | 2 3 4 5 |  5.1
Bows           | 6 7 8 9 |  9.2
Armour         | 1 2 3 |  3.4
Fighting       | 3 4 |  4.9
Invocations    | 1 4 |  4.5
Stealth        | |  0.5

Action                   |  1- 3 |  4- 6 |  7- 9 || total
-------------------------+-------+-------+-------++-------
Melee: Short sword       |    61 |   246 |   233 ||   540
       Kick              |     8 |    36 |    55 ||    99
       Headbutt          |       |     8 |    35 ||    43
       Whip              |       |       |    21 ||    21
 Fire: Shortbow          |    19 |    83 |   210 ||   312
Invok: Heroism           |       |       |     3 ||     3
  Use: Scroll            |       |    15 |     3 ||    18
       Potion            |       |     4 |     5 ||     9
  Eat: Chunk             |       |     8 |     5 ||    13
       Meat ration       |       |       |     1 ||     1
       Royal jelly       |       |       |     1 ||     1
Armor: Leather armour    |    28 |    76 |       ||   104
       Ring mail         |       |    67 |    94 ||   161
       Scale mail        |       |       |     6 ||     6
Dodge: Dodged            |    36 |   145 |   137 ||   318
